 Dungeon Crawl Stone Soup version 0.29.1-15-g9cfb28693d (webtiles) character file.

Game seed: 8191674478289045872

2592 Jossarian the Thaumaturge (level 9, -8/40 HPs)
             Began as a Spriggan Conjurer on Mar 6, 2023.
             Was an Initiate of Vehumet.
             Mangled by a red devil
             ... wielding a +0 demon trident
             ... summoned by an orc sorcerer
              (17 damage)
             ... on level 7 of the Dungeon.
             The game lasted 01:18:54 (9295 turns).

Jossarian the Thaumaturge (Spriggan Conjurer)       Turns: 9295, Time: 01:18:54

Health: -8/40      AC:  5    Str:  5    XL:     9   Next: 33%
Magic:  22/32      EV: 18    Int: 21    God:    Vehumet [......]
Gold:   368        SH:  0    Dex: 14    Spells: 21/27 levels left

rFire   + . .      SeeInvis +   d - +0 long sword (vamp)
rCold   . . .      Faith    .   (no shield)
rNeg    . . .      Spirit   .   m - +0 steam dragon scales
rPois   .          Reflect  .   j - +0 hat
rElec   .          Harm     .   (no cloak)
rCorr   .          Rampage  .   (gloves unavailable)
Will    +....                   (boots unavailable)
Stlth   +++.......              (no amulet)
HPRegen 0.13/turn               g - ring of magical power
MPRegen 0.23/turn               q - ring of protection from fire

@: spiked, very quick
A: very small, no large weapons, unfitting armour, see invisible, speed 3
a: Renounce Religion


You were on level 7 of the Dungeon.
You worshipped Vehumet.
Vehumet was noncommittal.
You visited 2 branches of the dungeon, and saw 8 of its levels.

You collected 368 gold pieces.

Inventory:

Hand Weapons
 d - a +0 vampiric long sword (weapon)
 p - a +2 vampiric whip
 y - a +2 short sword of freezing
Missiles
 c - 51 stones
 n - 9 poisoned darts
 x - 2 datura-tipped darts (quivered)
Armour
 a - a +0 robe
 j - a +0 hat (worn)
 m - +0 steam dragon scales (worn)
Jewellery
 g - a ring of magical power (left hand)
 o - a ring of protection from cold
 q - a ring of protection from fire (right hand)
Wands
 h - a wand of digging (10)
 r - a wand of acid (11)
Scrolls
 e - 2 scrolls of enchant armour
 k - a scroll of amnesia
 t - 3 scrolls of butterflies
 w - 2 scrolls of identify
Potions
 b - a potion of magic
 f - 2 potions of might
 i - 5 potions of curing
 l - 2 potions of berserk rage
 s - a potion of brilliance
 u - a potion of lignification
 v - a potion of ambrosia


   Skills:
 + Level 0.7 Fighting
 + Level 0.7 Long Blades
 + Level 1.6 Throwing
 + Level 3.7 Dodging
 + Level 5.7 Stealth
 + Level 9.9 Spellcasting
 + Level 6.4 Conjurations
 + Level 2.6 Air Magic
 + Level 2.9 Poison Magic


You had 21 spell levels left.
You knew the following spells:

 Your Spells              Type           Power      Damage    Failure   Level
a - Magic Dart            Conj           100%       1d8       1%          1
b - Searing Ray           Conj           74%        2d7       1%          2
c - Mephitic Cloud        Conj/Pois/Air  27%        N/A       3%          3

Your spell library contained the following spells:

 Spells                   Type           Power      Damage    Failure   Level
 Dazzling Flash           Conj/Hex       48%        N/A       5%          3
 Call Imp                 Summ           10%        N/A       10%         2
 Fulminant Prism          Conj/Hex       12%        3d9       17%         4
 Iskenderun's Mystic Bla  Conj/Tloc      24%        2d7       17%         4
 Ozocubu's Armour         Ice            10%        N/A       21%         3
 Ozocubu's Refrigeration  Ice            5%         4d8       100%        7


Dungeon Overview and Level Annotations

Branches:
Dungeon (7/15)             Temple (1/1) D:7

Altars:
Ashenzari
Dithmenos
Elyvilon
Gozag
Makhleb
Okawaru
Ru
Trog
Vehumet
Wu Jian
Xom
Yredelemnul
The Shining One

Shops:
D:5 =


Innate Abilities, Weirdness & Mutations

You are very small and have problems with some larger weapons.
You are too small for most types of armour.
You have supernaturally acute eyesight. (SInv)
You cover ground extremely quickly. (Speed+++)


Message History

The searing ray hits the orc sorcerer.
The orc sorcerer is lightly wounded. (Press . to maintain the ray.)
The red devil hits you but does no damage.
The wizard is engulfed in noxious fumes.
The wizard says, "Why is everything spinning?"
The wizard barely misses the red devil.
The orc sorcerer mumbles something.
The orc sorcerer hits the red devil but does no damage.
The searing ray hits the fire elemental.
The fire elemental is moderately damaged.
The searing ray hits the orc sorcerer.
The orc sorcerer is moderately wounded.
The red devil closely misses you.
The wizard is engulfed in noxious fumes.
The wizard appears confused.
The fire elemental hits you. The fire elemental burns you! You resist.
The orc sorcerer says, "Why is everything spinning?"
The orc sorcerer barely misses the red devil.
The barbs in your skin will harm you if you move.
Continue?
Uppercase [Y]es or [N]o only, please.
The barbs in your skin will harm you if you move.
Continue?
The barbed spikes dig painfully into your body as you move.
* * * LOW HITPOINT WARNING * * *
The wizard is engulfed in noxious fumes.
The wizard appears confused.
The wizard hits the red devil with a +0 dagger.
The barbed spikes dig painfully into your body as you move.
* * * LOW HITPOINT WARNING * * *
The wizard is engulfed in noxious fumes.
The wizard appears confused.
The wizard says, "I'm a little confused."
The orc sorcerer is engulfed in blazing flames.
The orc sorcerer hits the wizard but does no damage.
The deep elf pyromancer mumbles some strange words.
The deep elf pyromancer blinks!
You feel better.
The orc sorcerer seems less confused.
The fire elemental closely misses you.
The red devil hits you from afar with a +0 demon trident!
You die...

##..................#####
#.......................#
#.#####+#########+#####)##
#.# ...
#.........#..####### #.#
#... #....#....#....##...
#.# #....
#..#...#..#.....#... #.#
#..°.#.........#.....#...
#.+
#(§(op.#.....#.+.....#...
#.#
#.##..#4E@......#.....#...
#.#
##.#..#...#..#.....'...
#.# . #....#....#.....#...
##.# ..
#.........#.....#... ...#
## #####'#####...###...
...# #.........#...###...
...# #.#.#.#.#.#....'....
...# #.........#....#....
#..# #.#.#.#.#.#....#....


You could see a wizard (confused), a fire elemental (summoned), an orc sorcerer
and a red devil (summoned).

Vanquished Creatures
  The ghost of opiumtea the Fighter, a novice DjCj of Makhleb (D:6)
  Eustachio (D:5)
  A steam dragon (D:7)
  2 black bears
  3 ice beasts
  A sky beast (D:7)
  3 centaurs
  A kobold brigand (D:7)
  2 bullfrogs
  2 necrophages
  An orc priest (D:5)
  4 hounds
  2 jellies
  Ijyb (D:2)
  4 iguanas
  3 orc wizards
  14 gnolls
  5 adders
  A shadow imp (D:6)
  A white imp (D:7)
  3 worms
  3 dart slugs
  9 orcs
  4 bats
  5 endoplasms
  3 giant cockroaches
  9 goblins
  3 hobgoblins
  2 jackals (D:1)
  4 quokkas
  2 ball pythons
  3 frilled lizards
  9 kobolds
  3 rats (D:3)
115 creatures vanquished.

Vanquished Creatures (others)
  3 plants (D:7)
3 creatures vanquished.

Grand Total: 118 creatures vanquished

Notes
Turn   | Place    | Note
-------+----------+-------------------------------------------
     0 | D:1      | Jossarian the Spriggan Conjurer began the quest for the
                  | Orb.
     0 | D:1      | Reached XP level 1. HP: 9/9 MP: 5/5
   330 | D:1      | Reached XP level 2. HP: 13/13 MP: 6/6
   760 | D:1      | Reached skill level 3 in Spellcasting
  1286 | D:2      | Reached XP level 3. HP: 16/16 MP: 8/8
  1401 | D:2      | Learned a level 2 spell: Searing Ray
  1779 | D:2      | Found a glowing golden altar of the Shining One.
  1830 | D:2      | Reached XP level 4. HP: 21/21 MP: 10/10
  2174 | D:3      | Noticed Ijyb
  2227 | D:2      | Killed Ijyb
  2228 | D:2      | Reached skill level 4 in Spellcasting
  2479 | D:3      | Reached XP level 5. HP: 24/24 MP: 12/12
  2523 | D:3      | Identified the +4 kite shield of Amuob {rN+ Str+4}
  2988 | D:3      | Learned a level 3 spell: Mephitic Cloud
  3507 | D:4      | Reached skill level 5 in Spellcasting
  3507 | D:4      | Reached XP level 6. HP: 29/29 MP: 14/14
  3691 | D:4      | Found a white marble altar of Elyvilon.
  3693 | D:4      | Found an iron altar of Okawaru.
  3796 | D:4      | Found an ornate altar of the Wu Jian Council.
  3860 | D:4      | Found an opulent altar of Gozag.
  4184 | D:4      | Reached skill level 6 in Spellcasting
  4483 | D:5      | Entered Level 5 of the Dungeon
  4625 | D:5      | Found Faecif's Jewellery Shop.
  4783 | D:5      | Noticed Eustachio
  4878 | D:5      | Reached skill level 5 in Conjurations
  4878 | D:5      | Reached XP level 7. HP: 32/32 MP: 17/17
  4949 | D:5      | Reached skill level 1 in Poison Magic
  5540 | D:5      | Killed Eustachio
  5541 | D:5      | Reached skill level 7 in Spellcasting
  5828 | D:6      | Reached skill level 1 in Air Magic
  5904 | D:6      | Reached XP level 8. HP: 23/37 MP: 20/20
  6031 | D:6      | Found a large runed translucent door.
  6031 | D:6      | Found a large runed translucent door.
  6052 | D:6      | Noticed opiumtea's ghost (novice DjCj)
  6427 | D:6      | Found a shimmering altar of Xom.
  6474 | D:6      | Reached skill level 5 in Stealth
  6620 | D:6      | Reached skill level 8 in Spellcasting
  6973 | D:6      | Killed opiumtea's ghost
  6974 | D:6      | Reached skill level 9 in Spellcasting
  7256 | D:7      | Found a staircase to the Ecumenical Temple.
  7276 | Temple   | Entered the Ecumenical Temple
  7335 | Temple   | Became a worshipper of Vehumet
  7441 | D:7      | Found a shadowy altar of Dithmenos.
  7485 | D:7      | Reached skill level 1 in Throwing
  7578 | D:7      | Reached XP level 9. HP: 36/40 MP: 20/23
  9278 | D:7      | Noticed a wizard
  9283 | D:7      | Noticed an orc sorcerer
  9284 | D:7      | Noticed a deep elf pyromancer
  9286 | D:7      | Noticed a red devil
  9294 | D:7      | HP: 2/40 [barbs]
  9295 | D:7      | Mangled by a red devil

Illustrated notes

Levels and vault maps discovered:
D:1:      dpeg_arrival_central, layout_loops_ring
D:2:      layout_rooms, basic_altar, kennysheep_generic_room_11
D:3:      layout_basic, uniq_crazy_yiuf_cottage, uniq_ijyb
D:4:      layout_loops_corners, kennysheep_little_box,
          mainiacjoe_overflow_brackets,
          chequers_temple_overflow_statue_of_worship
D:5:      layout_gridville, serial_shops, shop, uniq_eustachio
D:6:      hellmonk_ruined_rings, layout_cave_pods, kennysheep_mini,
          ebering_ghost_disaster_area
D:7:      layout_gridville, nicolae_dithmenos_shadow_blocks,
          minmay_temple_entry_overgrown, minmay_the_grid_2x2
          [minmay_the_grid_minigrid_small, minmay_the_grid_pillar_ring,
          minmay_the_grid_tri_star, minmay_the_grid_prize_trominoes]
Temple:   nicolae_temple_two_arcs

Skill      XL: |  1  2  3  4  5  6  7  8  9 |
---------------+----------------------------+-----
Conjurations   | 3 4 5 6 |  6.4
Spellcasting   | 3 4 5 6 7 9 |  9.9
Dodging        | 3 |  3.7
Poison Magic   | 1 2 |  2.9
Stealth        | 4 5 |  5.7
Air Magic      | 1 2 |  2.6
Throwing       | 1 |  1.6
Fighting       | |  0.7
Long Blades    | |  0.7

Action                   |  1- 3 |  4- 6 |  7- 9 || total
-------------------------+-------+-------+-------++-------
Melee: Long sword        |       |       |     2 ||     2
Throw: Dart              |       |       |     9 ||     9
 Cast: Magic Dart        |    71 |    61 |    53 ||   185
       Searing Ray       |     3 |    33 |    55 ||    91
       Mephitic Cloud    |       |     2 |    25 ||    27
  Use: Scroll            |     5 |     6 |     3 ||    14
       Potion            |       |       |     2 ||     2
Armor: Robe              |     2 |       |       ||     2
       Steam dragon scal |       |       |     5 ||     5
Dodge: Dodged            |     1 |    14 |    35 ||    50
